 Dungeon Sprint DCSS version 0.29-a0-398-ge13fd1374b (webtiles) character file.

Game seed: 4011458783533017523

4600000 Zeld the Conqueror (level 21, -18/224 HPs)
             Began as a Minotaur Monk on May 12, 2022.
             Was the Champion of Makhleb.
             Demolished by a meat berserker
             ... wielding a +9 battleaxe
              (60 damage)
             ... in the Dungeon (Sprint VIII: "Arena of Blood").
             The game lasted 00:01:10 (46 turns).

Zeld the Conqueror (Minotaur Monk)                    Turns: 46, Time: 00:01:10

Health: -18/224    AC:  3    Str: 27    XL:     21   Next: 10%
Magic:  19/33      EV: 25    Int:  7    God:    Makhleb [******]
Gold:   0          SH:  0    Dex: 13    Spells: 38/38 levels left

rFire   . . .      SeeInvis .   i - +∞ Axe of Woe
rCold   . . .      Faith    .   (shield currently unavailable)
rNeg    . . .      Spirit   .   a - +0 robe
rPois   .          Reflect  .   (helmet restricted)
rElec   .          Harm     .   (no cloak)
rCorr   .          Rampage  .   (no gloves)
Will    +....      NoTele   +   (no boots)
Stlth   +++++++++.              (no amulet)
HPRegen 0.47/turn               (no ring)
MPRegen 0.23/turn               (no ring)

@: no status effects
A: horns 2, retaliatory headbutt
a: Renounce Religion, Minor Destruction, Lesser Servant of Makhleb, Major
Destruction, Greater Servant of Makhleb


You were in the Dungeon.
You worshipped Makhleb.
Makhleb was exalted by your worship.
You visited 1 branch

Inventory:

Hand Weapons
 i - the +∞ Axe of Woe (weapon)
   (You found it in the Dungeon)
Armour
 a - a +0 robe (worn)
Jewellery
 j - a +200 ring of slaying
Scrolls
 h - a scroll of blinking
Potions
 b - a potion of ambrosia
 c - a potion of curing
 d - a potion of heal wounds
 e - a potion of haste
 f - 2 potions of magic
 g - a potion of berserk rage


   Skills:
 O Level 27 Fighting
 + Level 14.3(16.7) Short Blades
 + Level 15.5(18.2) Long Blades
 O Level 27 Axes
 + Level 15.5(24.6) Maces & Flails
 + Level 15.5(24.6) Polearms
 + Level 15.5(20.3) Staves
 + Level 14.3(16.7) Slings
 + Level 14.3 Bows
 + Level 14.3 Crossbows
 + Level 13.2(15.5) Throwing
 + Level 15.5 Armour
 O Level 27 Dodging
 O Level 27 Stealth
 + Level 15.5 Shields
 O Level 27 Unarmed Combat
 + Level 9.4 Spellcasting
 + Level 10.3 Conjurations
 + Level 9.4 Hexes
 + Level 10.3 Summonings
 + Level 10.3 Necromancy
 + Level 10.3 Translocations
 + Level 11.2 Transmutations
 + Level 10.3 Fire Magic
 + Level 10.3 Ice Magic
 + Level 10.3 Air Magic
 + Level 11.2 Earth Magic
 + Level 10.3 Poison Magic
 + Level 13.2 Invocations
 + Level 12.2 Evocations


You had 38 spell levels left.
You didn't know any spells.
Your spell library was empty.

Dungeon Overview and Level Annotations

Branches:
Dungeon (1/1)

Altars:
Makhleb


Innate Abilities, Weirdness & Mutations

You have a pair of horns on your head.
You reflexively headbutt those who attack you in melee.


Message History

The meat berserker shouts!
The meat berserker convulses! x2; The bag of meat convulses! x2
Your body is wracked with pain!
* * * LOW HITPOINT WARNING * * *
The bag of meat convulses!
You hear a shout! x3
You are too injured to fight recklessly!
Unknown command.
Unknown command.
Unknown command.
You hit the bag of meat.
You hew the bag of meat savagely.
You kill the bag of meat!
Makhleb accepts your kill.
You hit the bag of meat. You chop the bag of meat into pieces.
You kill the bag of meat!
Makhleb accepts your kill.
You feel better.
You hear a shout! x4
A bag of meat comes into view. It is wielding a +9 war axe.
You hear a shout!
The eight-headed meat hydra calls on the powers of darkness!
The eight-headed meat hydra convulses!
The bag of meat convulses! x2
The bag of meat shouts!
The bag of meat convulses! x2; The meat berserker convulses!
The bag of meat convulses!
The meat berserker convulses!
The bag of meat convulses!
Your body is wracked with pain!
* * * LOW HITPOINT WARNING * * *
The meat berserker convulses!
The meat berserker rages.
You hear a shout! x3
Unknown command.
Unknown command.
Unknown command. 3 bags of meat, a sculptor of flesh and a meat berserker come into view.
You hear a shout! x3
A large bag of meat comes into view. It is wielding a +9 giant spiked club.
You hear a shout! x2
The meat berserker is engulfed in blazing flames.
The meat berserker hits you with a +9 battleaxe!!!
You die... #. ...# #.. ...# . .###.. ...###... ......###....O... ......_..... ... #....)# ooD.

#_.<○°# .o...
...#.)))°#Ooo.oo
......_)@OOo.o..
......###)§.....O
.###.. ...###...
#.. ....# o. #.
.....# .........
z........
O.........


You could see an eight-headed meat hydra, a sculptor of flesh (wandering), a
large bag of meat (inner flame), 4 meat berserkers and 9 bags of meat.

Vanquished Creatures
  5 vampire knights (D)
  13 ogres (D)
  2 two-headed ogres (D)
  21 orcs (D)
  A skeletal warrior (D)
42 creatures vanquished.

Notes
Turn   | Place    | Note
-------+----------+-------------------------------------------
     0 | D        | Found the +∞ Axe of Woe
     0 | D        | Zeld the Minotaur Monk began the quest for the Orb.
     0 | D        | Reached XP level 1. HP: 19/19 MP: 0/0
     1 | D        | Noticed a meat berserker
     2 | D        | Noticed a bag of meat
     4 | D        | Killed a meat berserker
     4 | D        | Noticed a bag of meat
     5 | D        | Reached skill level 5 in Axes
     5 | D        | Reached skill level 5 in Stealth
     5 | D        | Reached XP level 2. HP: 56/56 MP: 1/1
     5 | D        | Reached XP level 3. HP: 63/63 MP: 2/2
     5 | D        | Reached XP level 4. HP: 71/71 MP: 3/3
     5 | D        | Reached XP level 5. HP: 79/79 MP: 4/4
     5 | D        | Reached XP level 6. HP: 86/86 MP: 5/5
     5 | D        | Reached XP level 7. HP: 94/94 MP: 6/6
     5 | D        | Reached XP level 8. HP: 102/102 MP: 7/7
     5 | D        | Reached XP level 9. HP: 108/108 MP: 8/8
     5 | D        | Reached XP level 10. HP: 117/117 MP: 9/9
     5 | D        | Reached XP level 11. HP: 124/124 MP: 10/10
     5 | D        | Became a worshipper of Makhleb the Destroyer
     5 | D        | Reached * piety under Makhleb
     5 | D        | Reached ** piety under Makhleb
     6 | D        | Noticed a meat berserker
     6 | D        | Noticed a bag of meat
     7 | D        | Noticed a meat berserker
     8 | D        | Killed a bag of meat
     9 | D        | Reached XP level 12. HP: 88/137 MP: 11/11
     9 | D        | Killed a meat berserker
     9 | D        | Killed a meat berserker
     9 | D        | Reached *** piety under Makhleb
    10 | D        | Reached XP level 13. HP: 156/156 MP: 12/12
    10 | D        | Reached XP level 14. HP: 165/165 MP: 13/13
    10 | D        | Killed a bag of meat
    10 | D        | Noticed a bag of meat
    11 | D        | Reached skill level 10 in Axes
    11 | D        | Killed a bag of meat
    11 | D        | Noticed a meat berserker
    12 | D        | Reached skill level 27 in Fighting
    13 | D        | Noticed a meat berserker
    13 | D        | Noticed a bag of meat
    15 | D        | Noticed a bag of meat
    16 | D        | Killed a bag of meat
    16 | D        | Killed a meat berserker
    16 | D        | Reached **** piety under Makhleb
    16 | D        | Noticed a meat berserker
    17 | D        | Reached skill level 15 in Axes
    17 | D        | Reached skill level 27 in Dodging
    17 | D        | Reached skill level 27 in Unarmed Combat
    17 | D        | Reached XP level 15. HP: 174/174 MP: 14/14
    18 | D        | Killed a meat berserker
    18 | D        | Killed a meat berserker
    18 | D        | Noticed a meat berserker
    19 | D        | Reached XP level 16. HP: 183/183 MP: 15/15
    19 | D        | Noticed a destroyer
    19 | D        | Noticed a large bag of meat
    19 | D        | Noticed a destroyer
    20 | D        | Noticed a meat berserker
    20 | D        | Noticed a meat berserker
    21 | D        | Killed a destroyer
    21 | D        | Reached ***** piety under Makhleb
    22 | D        | Reached skill level 27 in Axes
    22 | D        | Noticed a large bag of meat
    23 | D        | Killed a meat berserker
    23 | D        | Killed a meat berserker
    23 | D        | Noticed a meat berserker
    24 | D        | Reached skill level 27 in Stealth
    24 | D        | Reached XP level 17. HP: 185/191 MP: 16/16
    24 | D        | Noticed a meat berserker
    25 | D        | Reached skill level 1 in Spellcasting
    25 | D        | Reached skill level 1 in Hexes
    25 | D        | Killed a destroyer
    26 | D        | Reached skill level 5 in Short Blades
    26 | D        | Reached skill level 5 in Long Blades
    26 | D        | Reached skill level 5 in Maces & Flails
    26 | D        | Reached skill level 5 in Polearms
    26 | D        | Reached skill level 5 in Staves
    26 | D        | Reached skill level 5 in Slings
    26 | D        | Reached skill level 5 in Bows
    26 | D        | Reached skill level 5 in Crossbows
    26 | D        | Reached skill level 5 in Armour
    26 | D        | Reached skill level 5 in Shields
    26 | D        | Noticed a destroyer
    27 | D        | Killed a meat berserker
    28 | D        | Reached skill level 5 in Throwing
    28 | D        | Reached skill level 5 in Invocations
    28 | D        | Reached skill level 5 in Evocations
    28 | D        | Reached XP level 18. HP: 200/200 MP: 16/22
    28 | D        | Killed a meat berserker
    28 | D        | Reached ****** piety under Makhleb
    29 | D        | Reached skill level 5 in Conjurations
    29 | D        | Reached skill level 5 in Summonings
    29 | D        | Reached skill level 5 in Necromancy
    29 | D        | Reached skill level 5 in Translocations
    29 | D        | Reached skill level 5 in Transmutations
    29 | D        | Reached skill level 5 in Fire Magic
    29 | D        | Reached skill level 5 in Ice Magic
    29 | D        | Reached skill level 5 in Air Magic
    29 | D        | Reached skill level 5 in Earth Magic
    29 | D        | Reached skill level 5 in Poison Magic
    29 | D        | Killed a destroyer
    30 | D        | Reached skill level 5 in Spellcasting
    30 | D        | Reached skill level 5 in Hexes
    31 | D        | Noticed a meat berserker
    32 | D        | Killed a large bag of meat
    32 | D        | Killed a meat berserker
    32 | D        | Noticed a meat berserker
    33 | D        | Reached skill level 10 in Short Blades
    33 | D        | Reached skill level 10 in Slings
    33 | D        | Reached skill level 10 in Bows
    33 | D        | Reached skill level 10 in Crossbows
    33 | D        | Reached XP level 19. HP: 181/207 MP: 17/27
    34 | D        | Killed a large bag of meat
    35 | D        | Reached skill level 10 in Throwing
    35 | D        | Reached skill level 10 in Invocations
    35 | D        | Noticed a destroyer
    36 | D        | Noticed a destroyer
    37 | D        | Killed a meat berserker
    38 | D        | Reached skill level 10 in Evocations
    38 | D        | Reached XP level 20. HP: 216/216 MP: 17/30
    39 | D        | Killed a meat berserker
    39 | D        | Killed a destroyer
    40 | D        | Reached skill level 10 in Transmutations
    40 | D        | Reached skill level 10 in Earth Magic
    40 | D        | Noticed an eight-headed meat hydra
    42 | D        | Noticed a meat berserker
    43 | D        | Killed a destroyer
    43 | D        | Noticed a meat berserker
    44 | D        | Reached skill level 15 in Long Blades
    44 | D        | Reached skill level 15 in Maces & Flails
    44 | D        | Reached skill level 15 in Polearms
    44 | D        | Reached skill level 15 in Staves
    44 | D        | Reached skill level 15 in Armour
    44 | D        | Reached skill level 15 in Shields
    44 | D        | Reached skill level 10 in Conjurations
    44 | D        | Reached skill level 10 in Summonings
    44 | D        | Reached skill level 10 in Necromancy
    44 | D        | Reached skill level 10 in Translocations
    44 | D        | Reached skill level 10 in Fire Magic
    44 | D        | Reached skill level 10 in Ice Magic
    44 | D        | Reached skill level 10 in Air Magic
    44 | D        | Reached skill level 10 in Poison Magic
    44 | D        | Reached XP level 21. HP: 101/224 MP: 18/33
    46 | D        | Noticed a large bag of meat
    46 | D        | Demolished by a meat berserker

Illustrated notes

Levels and vault maps discovered:
D:        meatsprint

Skill      XL: |  1  2  3  4  5  6  7  8  9 10 11 12 13 14 15 16 17 18 19 20 |
---------------+-------------------------------------------------------------+-----
Fighting       | 20 21 26 27 | 27.0
Axes           | 5 6 9 15 25 27 | 27.0
Dodging        | 18 20 23 27 | 27.0
Stealth        | 5 6 7 9 13 27 | 27.0
Unarmed Combat | 18 19 23 27 | 27.0
Short Blades   | 6 10 12 14 | 14.3
Long Blades    | 6 11 13 15 | 15.5
Maces & Flails | 6 11 13 15 | 15.5
Polearms       | 6 11 13 15 | 15.5
Staves         | 6 11 13 15 | 15.5
Slings         | 6 10 12 14 | 14.3
Bows           | 6 10 12 14 | 14.3
Crossbows      | 6 10 12 14 | 14.3
Throwing       | 5 9 11 13 | 13.2
Armour         | 6 11 13 15 | 15.5
Shields        | 6 11 13 15 | 15.5
Spellcasting   | 3 6 7 9 |  9.4
Conjurations   | 4 7 8 10 | 10.3
Hexes          | 3 6 7 9 |  9.4
Summonings     | 4 7 8 10 | 10.3
Necromancy     | 4 7 8 10 | 10.3
Translocations | 4 7 8 10 | 10.3
Transmutations | 4 7 9 11 | 11.2
Fire Magic     | 4 7 8 10 | 10.3
Ice Magic      | 4 7 8 10 | 10.3
Air Magic      | 4 7 8 10 | 10.3
Earth Magic    | 4 7 9 11 | 11.2
Poison Magic   | 4 7 8 10 | 10.3
Invocations    | 5 9 11 13 | 13.2
Evocations     | 5 8 10 12 | 12.2

Action                   |  1- 3 |  4- 6 |  7- 9 | 10-12 | 13-15 | 16-18 | 19-21 || total
-------------------------+-------+-------+-------+-------+-------+-------+-------++-------
Melee: Executioner's axe |     1 |       |       |     2 |     4 |     9 |     9 ||    25
Dodge: Dodged            |       |       |       |       |       |       |     1 ||     1

Table legend: (Time is in decaauts)
 A = Elapsed time spent in this place.
 B = Non-inter-level travel time spent in this place.
 C = Inter-level travel time spent in this place.
 D = Time resting spent in this place.
 E = Time spent auto-exploring this place.
 F = Levels seen in this place.
 G = Mean time per level.
                   A        B        C        D        E       F      G
               +--------+--------+--------+--------+--------+-----+--------+
         Total |     43 |     43 |      0 |      0 |      0 |   1 |   43.0 |
       Dungeon |     43 |     43 |      0 |      0 |      0 |   1 |   43.0 |
               +--------+--------+--------+--------+--------+-----+--------+

Top non-repeatable levels by time:
       D: 43 daAuts
